[Event "Titled Tuesday Blitz March 21 Early 2023"]
[White "Jones, Gawain C B"]
[Black "Kramnik, Vladimir"]
[WhiteFideId "409561"]
[BlackFideId "4101588"]
[WhiteElo "2645"]
[BlackElo "2712"]
[Result "1-0"]
[Round "07"]
[TimeControl "180+2"]
[Date "2023.03.21"]
[WhiteClock "0:00:08"]
[BlackClock "0:00:01"]

1. Nf3 Nf6 2. g3 b5 3. Bg2 Bb7 4. Na3 a6 5. c4 e6 6. cxb5 Bxa3 7. bxa6 Rxa6 8. bxa3 d6 9. O-O Nbd7 10. d3 O-O 11. Bb2 Qa8 12. Rc1 c5 13. e4 Rb8 14. Rc2 Bc6 15. Qa1 h6 16. h4 Ra4 17. Re1 Qa6 18. Bf1 Bb5 19. e5 Ne8 20. exd6 Bxd3 21. Ne5 Nxe5 22. Bxe5 Rd8 23. Bxd3 Qxd3 24. Rxc5 f6 25. Rd1 Qxa3 26. Rc3 Qxa2 27. Qxa2 Rxa2 28. d7 Raa8 29. Bf4 e5 30. dxe8=Q+ Rxe8 31. Be3 Re7 32. Rdc1 h5 33. Rc7 Rxc7 34. Rxc7 Kh7 35. Kg2 Kg6 36. Kf3 Rb8 37. Ke4 Ra8 38. Kd5 Rb8 39. Bc5 Re8 40. Bd6 Ra8 41. f4 exf4 42. gxf4 Re8 43. Rd7 Ra8 44. Ke6 Re8+ 45. Re7 Ra8 46. f5+ Kh7 47. Rd7 Re8+ 48. Kf7 Ra8 49. Bf8 1-0


[Site "https://www.chess.com"]

[Event "Titled Tuesday Blitz March 21 Early 2023"]
[White "Makarian, Rudik"]
[Black "Idani, Pouya"]
[WhiteFideId "44105681"]
[BlackFideId "12510130"]
[WhiteElo "2436"]
[BlackElo "2574"]
[Result "0-1"]
[Round "07"]
[TimeControl "180+2"]
[Date "2023.03.21"]
[WhiteClock "0:00:01"]
[BlackClock "0:00:09"]

1. d4 Nf6 2. c4 e6 3. Nf3 d5 4. Nc3 h6 5. Bf4 Bb4 6. cxd5 exd5 7. e3 O-O 8. Bd3 Re8 9. O-O a6 10. h3 Nbd7 11. Qc2 c5 12. dxc5 Nxc5 13. Be5 Be6 14. a3 Bxc3 15. Qxc3 Nfe4 16. Bxe4 Nxe4 17. Qb4 Qd7 18. Nd2 a5 19. Qd4 Nxd2 20. Qxd2 Bxh3 21. Qd4 f6 22. Bg3 Re4 23. Qb6 Be6 24. Rac1 Rc4 25. Qb3 Rac8 26. Rxc4 Rxc4 27. Qb6 a4 28. Kh2 Kh7 29. Rd1 Bg4 30. Rd2 Bh5 31. f3 Bf7 32. Bf4 h5 33. Bg3 h4 34. Bf2 h3 35. gxh3 Qf5 36. Kg2 Bh5 37. f4 Qe4+ 38. Kh2 Rc1 39. Bg1 Bg6 40. Qd4 Qf3 41. Rf2 Qh5 42. f5 Bxf5 43. h4 Be4 44. Rf4 Qg6 45. Rf2 Qxg1+ 0-1


[Site "https://www.chess.com"]

[Event "Titled Tuesday Blitz March 21 Early 2023"]
[White "Urazayev, Arystanbek"]
[Black "Esipenko, Andrey"]
[WhiteFideId "13709810"]
[BlackFideId "24175439"]
[WhiteElo "2479"]
[BlackElo "2615"]
[Result "0-1"]
[Round "07"]
[TimeControl "180+2"]
[Date "2023.03.21"]
[WhiteClock "0:00:11"]
[BlackClock "0:00:05"]

1. d4 Nf6 2. c4 e6 3. Nf3 b6 4. g3 Ba6 5. Qc2 Bb7 6. Bg2 c5 7. d5 exd5 8. cxd5 Nxd5 9. O-O Nc6 10. Rd1 Be7 11. Qf5 Nf6 12. e4 O-O 13. e5 g6 14. Qf4 Nh5 15. Qc4 d5 16. exd6 Bxd6 17. Nc3 Na5 18. Qf1 a6 19. Nd5 Bxd5 20. Rxd5 Qc7 21. Bh6 Rfd8 22. Rad1 b5 23. Ng5 Be7 24. Qe1 Nf6 25. Ne6 fxe6 26. Qxe6+ Kh8 27. Qf7 Rg8 28. Rd7 Nxd7 29. Qxe7 Qe5 30. Qxd7 Rae8 31. Bf4 Qxb2 32. Qc7 Nc4 33. Bd5 Qe2 34. Rf1 Qe7 35. Qxe7 Rxe7 36. Bxg8 Kxg8 37. Rd1 Kf7 38. Rd5 Re2 39. Rxc5 Rxa2 40. Rc7+ Ke6 41. Rxh7 b4 42. Rg7 Kf6 43. Rc7 Na5 44. Be3 Ke6 45. Ra7 Nc6 46. Rb7 a5 47. Bc5 Kd5 48. Bf8 Rb2 49. h4 a4 50. g4 a3 51. Ra7 a2 52. Rd7+ Kc4 53. Bg7 Rb1+ 54. Kg2 b3 55. h5 gxh5 56. gxh5 b2 57. Rc7 Kd5 58. Rd7+ Ke6 59. Rd2 Rg1+ 60. Kxg1 b1=Q+ 61. Kg2 a1=Q 62. Bxa1 Qxa1 63. Re2+ Kf5 64. Re3 Qg7+ 65. Rg3 Qh6 66. Rf3+ Ke6 67. Re3+ Ne5 68. f4 Qxf4 69. Rg3 Qe4+ 70. Kh3 Qf5+ 71. Kh4 Qf4+ 72. Kh3 Kf5 73. Kg2 Qd2+ 74. Kh3 Qd1 75. Kg2 Qxh5 76. Rh3 Qe2+ 77. Kg3 Qf3+ 0-1


[Site "https://www.chess.com"]

[Event "Titled Tuesday Blitz March 21 Early 2023"]
[White "Ter-Sahakyan, Samvel"]
[Black "Smirnov, Pavel"]
[WhiteFideId "13302531"]
[BlackFideId "4123425"]
[WhiteElo "2566"]
[BlackElo "2519"]
[Result "0-1"]
[Round "07"]
[TimeControl "180+2"]
[Date "2023.03.21"]
[WhiteClock "0:00:04"]
[BlackClock "0:00:03"]

1. d4 Nf6 2. c4 e6 3. Nf3 d5 4. g3 Be7 5. Bg2 O-O 6. O-O c6 7. Qc2 b6 8. Bf4 Nh5 9. e3 Nxf4 10. exf4 Ba6 11. Nbd2 Nd7 12. Rfe1 Rc8 13. cxd5 cxd5 14. Qa4 Bd3 15. Rac1 a6 16. Qb3 Bg6 17. a4 a5 18. Bf1 Bb4 19. Ba6 Ra8 20. Bd3 Bxd3 21. Qxd3 Rc8 22. Rc2 Rxc2 23. Qxc2 Bd6 24. f5 exf5 25. Qxf5 Nf6 26. Nf1 Qc7 27. Ne3 Qc6 28. b3 b5 29. Ne5 Qc3 30. Nf3 Qxb3 31. axb5 Qxb5 32. g4 Bb4 33. Rf1 Rd8 34. g5 Ne4 35. Ne5 Nd6 36. Qf3 a4 37. Nxd5 Ba5 38. Ne7+ Kh8 39. N7c6 Rf8 40. Rc1 Bd2 41. Rd1 Bxg5 42. Qh5 Bf6 43. Kg2 a3 44. Qf3 a2 45. Ra1 Qb2 46. Qd1 Ne4 47. Nd3 Qc3 48. Nce5 Qxd4 49. Rxa2 Bxe5 50. Qe2 Qd5 51. Qf3 Qxa2 52. Nxe5 Qe6 53. Qxe4 Re8 54. f4 f6 55. Ng6+ hxg6 56. Qxg6 Qe4+ 0-1


[Site "https://www.chess.com"]

[Event "Titled Tuesday Blitz March 21 Early 2023"]
[White "Postny, Evgeny"]
[Black "Indjic, Aleksandar"]
[WhiteFideId "2804344"]
[BlackFideId "911925"]
[WhiteElo "2509"]
[BlackElo "2614"]
[Result "1-0"]
[Round "07"]
[TimeControl "180+2"]
[Date "2023.03.21"]
[WhiteClock "0:00:04"]
[BlackClock "0:00:20"]

1. Nf3 Nf6 2. c4 e6 3. g3 a6 4. Bg2 b5 5. cxb5 axb5 6. Nd4 Ra5 7. O-O c5 8. Nb3 Ra7 9. d4 c4 10. N3d2 d5 11. e4 b4 12. exd5 exd5 13. Nf3 Be7 14. Bf4 Nc6 15. Ne5 Qb6 16. Nd2 Na5 17. Qa4+ Kf8 18. Qd1 h6 19. Ndf3 Bf5 20. Re1 Kg8 21. Nh4 Be6 22. Be3 Nd7 23. Nhf3 Nc6 24. Nxc4 dxc4 25. d5 Nc5 26. dxe6 fxe6 27. Nd4 Ne5 28. Qh5 Ned3 29. Nxe6 Nxe1 30. Rxe1 Qxe6 31. Bd5 Rd7 32. Bxe6+ Nxe6 33. Qe8+ Nf8 34. Bf4 Bf6 35. Qc8 c3 36. bxc3 bxc3 37. Re8 Rd1+ 38. Kg2 Kf7 39. Re2 Kg6 40. Qg4+ Kh7 41. Qf5+ Ng6 42. h4 Bxh4 43. gxh4 Rf8 44. Qc2 Rd5 45. Bg3 Rdf5 46. Qxc3 Nf4+ 47. Bxf4 Rxf4 48. Qd3+ Kh8 49. Qg3 R4f6 50. a4 Kh7 51. Ra2 Rg6 52. a5 Ra8 53. Qxg6+ Kxg6 54. a6 Ra7 55. Kg3 Kf6 56. Kf4 g5+ 57. hxg5+ hxg5+ 58. Kg4 Kg6 59. Ra3 Kf6 60. Ra5 Kg6 61. Rxg5+ Kf6 62. Ra5 Ke6 63. f4 Kd6 64. f5 Kc7 65. Kg5 Kb6 66. Ra2 Kc7 67. f6 Kb8 68. Kg6 Ka8 69. f7 Rxf7 70. Kxf7 1-0


[Site "https://www.chess.com"]

[Event "Titled Tuesday Blitz March 21 Early 2023"]
[White "Tanenbaum, Zachary"]
[Black "Kamsky, Gata"]
[WhiteFideId "2060850"]
[BlackFideId "2000024"]
[WhiteElo "2175"]
[BlackElo "2666"]
[Result "0-1"]
[Round "07"]
[TimeControl "180+2"]
[Date "2023.03.21"]
[WhiteClock "0:00:01"]
[BlackClock "0:00:05"]

1. e4 e5 2. Nf3 Nc6 3. Bc4 Bc5 4. c3 Nf6 5. d4 exd4 6. b4 Be7 7. e5 Ne4 8. b5 Na5 9. Bd3 Nxc3 10. Nxc3 dxc3 11. O-O d5 12. exd6 Qxd6 13. Qc2 h6 14. Qxc3 O-O 15. Rd1 Qb4 16. Qxc7 b6 17. Be3 Bb7 18. a3 Qg4 19. h3 Qe6 20. Qg3 Rad8 21. Nd4 Qf6 22. Nf5 Kh8 23. Bf4 Rd5 24. Re1 Rxf5 25. Bxf5 Bc5 26. Be5 Qg5 27. Qxg5 hxg5 28. Rad1 Kg8 29. Rd7 Bc8 30. Red1 Bxd7 31. Rxd7 Nc4 32. Bg3 Bxa3 33. Rxa7 Bc5 34. Bd3 Nd2 35. Rd7 Re8 36. Bf1 Nxf1 37. Kxf1 f6 38. f4 gxf4 39. Bxf4 Re4 40. Bg3 Rb4 41. Bd6 Rxb5 42. Rd8+ Kf7 43. Bxc5 Rxc5 44. Rb8 b5 45. Rb7+ Kg6 46. Kf2 Re5 47. Kf3 Kh6 48. g4 g5 0-1


[Site "https://www.chess.com"]

[Event "Titled Tuesday Blitz March 21 Early 2023"]
[White "Bachmann, Axel"]
[Black "Bolourchifard, Farzad"]
[WhiteFideId "3700488"]
[BlackFideId "12510084"]
[WhiteElo "2605"]
[BlackElo "2317"]
[Result "0-1"]
[Round "07"]
[TimeControl "180+2"]
[Date "2023.03.21"]
[WhiteClock "0:00:01"]
[BlackClock "0:00:32"]

1. c4 e5 2. Nc3 Nc6 3. Nf3 g6 4. d4 exd4 5. Nxd4 Bg7 6. Nxc6 bxc6 7. g3 Ne7 8. Bg2 O-O 9. O-O d6 10. Qa4 Be6 11. Bg5 h6 12. Bxe7 Qxe7 13. Bxc6 Rab8 14. Rab1 Bh3 15. Rfc1 Bxc3 16. Rxc3 Qxe2 17. Bf3 Qd2 18. Rc2 Qd3 19. Be2 Qe4 20. f3 Qe3+ 21. Kh1 Bf5 22. Rd1 Bxc2 23. Qxc2 Rfe8 24. Rd2 Qf2 25. Qd1 Re7 26. Qf1 Qe3 27. Rc2 Rbe8 28. Kg2 Qd4 29. b3 a5 30. Qf2 Re3 31. Bf1 Qd1 32. Rd2 Qc1 33. Rc2 Qa1 34. c5 d5 35. Qd2 Qe5 36. Qxa5 d4 37. Rf2 d3 38. Qb5 Qd5 39. Qc4 Qxc4 40. bxc4 Re2 41. f4 d2 42. Rxe2 Rd8 43. Rxd2 Rxd2+ 44. Kf3 Rxa2 45. h4 f5 46. Ke3 Kf7 47. Kd4 Ke6 0-1


[Site "https://www.chess.com"]

[Event "Titled Tuesday Blitz March 21 Early 2023"]
[White "Yilmaz, Mustafa"]
[Black "Skvortsov, Andrei"]
[WhiteFideId "6302718"]
[BlackFideId "24108600"]
[WhiteElo "2523"]
[BlackElo "2259"]
[Result "1-0"]
[Round "07"]
[TimeControl "180+2"]
[Date "2023.03.21"]
[WhiteClock "0:00:05"]
[BlackClock "0:00:02"]

1. d4 d5 2. c4 dxc4 3. e3 Nf6 4. Bxc4 e6 5. Nf3 a6 6. O-O c5 7. dxc5 Bxc5 8. Qxd8+ Kxd8 9. Nc3 b5 10. Be2 Bb7 11. Nd2 Ke7 12. Nb3 Bb4 13. Bd2 Nc6 14. Rfc1 Rhc8 15. f3 Bd6 16. e4 e5 17. Bg5 Nd4 18. Nxd4 exd4 19. Nd1 h6 20. Bd2 Nd7 21. Nf2 Nc5 22. Nd3 Nxd3 23. Bxd3 g5 24. Kf2 f6 25. Ke2 Rxc1 26. Rxc1 h5 27. g3 Rg8 28. a4 h4 29. axb5 axb5 30. Kf2 hxg3+ 31. hxg3 Rh8 32. Kg2 Rb8 33. Rh1 Bc6 34. Rh7+ Kd8 35. Ba5+ Ke8 36. Bc7 Rb7 37. Rh8+ Kd7 38. Bxd6 Kxd6 39. Rh6 Ke7 40. e5 g4 41. exf6+ Kf7 42. Kf2 Bxf3 43. Bf5 Rb6 44. Rh7+ Kxf6 45. Rh6+ Kxf5 46. Rxb6 Ke4 47. Rxb5 Kd3 48. Rb4 Bd1 49. Rb8 Bf3 50. Rd8 Bd1 51. b4 Ba4 52. Rd5 Bc6 53. Rd6 Ba4 54. Ra6 Bd7 55. Rd6 Ba4 56. Rg6 Bd7 57. Rg7 Ba4 58. Rxg4 Kc3 59. Rg7 d3 60. Rc7+ Kd4 61. Rc8 d2 62. Rd8+ Kc3 63. b5 Bxb5 64. Ke3 1-0


[Site "https://www.chess.com"]

[Event "Titled Tuesday Blitz March 21 Early 2023"]
[White "Kaufman, Raymond"]
[Black "Drygalov, Sergey"]
[WhiteFideId "2015056"]
[BlackFideId "24171743"]
[WhiteElo "2321"]
[BlackElo "2533"]
[Result "0-1"]
[Round "07"]
[TimeControl "180+2"]
[Date "2023.03.21"]
[WhiteClock "0:02:20"]
[BlackClock "0:02:00"]

1. c4 e5 2. Nc3 Nf6 3. Nf3 Nc6 4. d3 d5 5. cxd5 Nxd5 6. Bd2 Bg4 7. Qa4 Bxf3 8. gxf3 Nb6 9. Qb3 Qd7 10. h4 O-O-O 11. Bh3 f5 12. O-O-O Nd4 0-1


[Site "https://www.chess.com"]

[Event "Titled Tuesday Blitz March 21 Early 2023"]
[White "Samunenkov, Ihor"]
[Black "Carlsen, Magnus"]
[WhiteFideId "14187086"]
[BlackFideId "1503014"]
[WhiteElo "2457"]
[BlackElo "2852"]
[Result "1/2-1/2"]
[Round "07"]
[TimeControl "180+2"]
[Date "2023.03.21"]
[WhiteClock "0:00:05"]
[BlackClock "0:00:05"]

1. d4 d5 2. c4 e6 3. Nf3 a6 4. cxd5 exd5 5. Nc3 c6 6. e4 Bb4 7. e5 Ne7 8. a3 Ba5 9. Bd3 Bg4 10. O-O Nd7 11. b4 Bb6 12. Be3 Nf8 13. Na4 Ne6 14. Nc5 Bxc5 15. bxc5 Nf5 16. Bxf5 Bxf5 17. Qb3 Qe7 18. Nd2 O-O 19. Qb2 f6 20. exf6 Qxf6 21. Nf3 Nxc5 22. Bg5 Nd3 23. Qxb7 Qg6 24. Be7 Be4 25. Nh4 Qf7 26. f3 Bg6 27. Nxg6 hxg6 28. Qb3 Qxe7 29. Qxd3 Qf6 30. Rab1 a5 31. Rfe1 Rae8 32. Qd2 a4 33. Rbc1 Qd6 34. Qc3 Rxe1+ 35. Rxe1 Rb8 36. Qe3 Qf6 37. Qe6+ Kh7 38. Qxf6 gxf6 39. Re6 Rb1+ 40. Kf2 Rb2+ 41. Kg3 Kg7 42. Rxc6 Rd2 43. Rc7+ Kh6 44. Rc6 f5 45. Rd6 Rxd4 46. Kh3 Kg5 47. Kg3 f4+ 48. Kf2 Rd2+ 49. Ke1 Rd3 50. Ke2 Re3+ 51. Kf2 Rxa3 52. Rxd5+ Kf6 53. g3 Ra2+ 54. Kg1 a3 55. Ra5 Ke6 56. Ra6+ Ke5 57. Ra4 Kd5 58. gxf4 Kc5 59. h4 Kb5 60. Ra8 Kb4 61. f5 gxf5 62. h5 Rc2 63. h6 Rc7 64. Rb8+ Kc3 65. Ra8 Kb2 66. Kg2 Rh7 67. Kg3 Rxh6 68. Kf4 Rh5 69. Rb8+ Ka1 70. Rb5 a2 71. Rb8 Rh3 72. Rb7 Rh1 73. Kxf5 Rb1 74. Ra7 Kb2 75. f4 a1=Q 76. Rxa1 Rxa1 77. Ke5 Re1+ 78. Kd5 Rf1 79. Ke5 Kc3 80. f5 Kc4 81. f6 Kc5 82. Ke6 Re1+ 83. Kd7 Rd1+ 84. Ke7 Re1+ 85. Kd7 Kd5 86. f7 Rf1 87. Ke7 Ke5 88. f8=Q Rxf8 89. Kxf8 1/2-1/2


[Site "https://www.chess.com"]

[Event "Titled Tuesday Blitz March 21 Early 2023"]
[White "Nazari, Arad"]
[Black "Erigaisi Arjun"]
[WhiteFideId "12577324"]
[BlackFideId "35009192"]
[WhiteElo "2313"]
[BlackElo "2737"]
[Result "0-1"]
[Round "07"]
[TimeControl "180+2"]
[Date "2023.03.21"]
[WhiteClock "0:00:02"]
[BlackClock "0:00:52"]

1. e4 d6 2. d4 g6 3. Nc3 Bg7 4. f4 a6 5. Nf3 b5 6. Bd3 Nd7 7. a4 b4 8. Ne2 c5 9. c3 Ngf6 10. O-O bxc3 11. bxc3 O-O 12. e5 Nd5 13. Be4 Bb7 14. Qb3 Nxf4 15. Nxf4 Bxe4 16. e6 Qb6 17. exf7+ Rxf7 18. Qxb6 Nxb6 19. Ng5 Rxf4 20. Bxf4 Bd3 21. Rfd1 Bc2 22. Rdc1 Bf5 23. dxc5 dxc5 24. Be3 Nd5 25. Bxc5 Nxc3 26. Kh1 Ne2 27. Bxe7 Re8 28. Ba3 h6 29. Nf3 g5 30. Re1 Bxa1 31. Rxa1 g4 32. Nd2 Rd8 33. Nc4 Be4 34. Re1 Rd3 35. Bb2 Bd5 36. Ne5 Rd2 37. Bc1 Nxc1 38. Rxc1 Rxg2 39. h4 Rc2+ 0-1


[Site "https://www.chess.com"]

[Event "Titled Tuesday Blitz March 21 Early 2023"]
[White "Kosteniuk, Alexandra"]
[Black "Sarana, Alexey"]
[WhiteFideId "4128125"]
[BlackFideId "24133795"]
[WhiteElo "2453"]
[BlackElo "2714"]
[Result "1-0"]
[Round "07"]
[TimeControl "180+2"]
[Date "2023.03.21"]
[WhiteClock "0:00:15"]
[BlackClock "0:00:01"]

1. e4 c5 2. c3 Nf6 3. e5 Nd5 4. Nf3 d6 5. Bb5+ Nc6 6. c4 Nc7 7. Ba4 g6 8. O-O Bg7 9. d4 O-O 10. exd6 Qxd6 11. d5 Nd4 12. Nxd4 cxd4 13. Nd2 b5 14. Bb3 bxc4 15. Nxc4 Qd8 16. Na5 Bf6 17. Nc6 Qd6 18. Qf3 Bb7 19. Bf4 Qd7 20. Rac1 Rfc8 21. Be5 Ne8 22. Bxd4 Bxc6 23. Bxf6 Bb5 24. Bc3 Bxf1 25. Rxf1 Nd6 26. Qe3 a5 27. Qd4 f6 28. Ba4 Nb5 29. Qd3 Rc5 30. Re1 Kf8 31. d6 Qxd6 32. Bxb5 Rd5 33. Qe2 Rd8 34. Ba4 Rd3 35. Bc2 Rd5 36. Bb3 Rh5 37. h3 Rg5 38. Qc4 Rd5 39. Qxd5 Qxd5 40. Bxd5 Rxd5 41. Kf1 Kf7 42. Ke2 a4 43. Rd1 Rc5 44. Rd3 Rc7 45. a3 e5 46. Kd2 Ke6 47. Bb4 Rc6 48. Rd8 Ra6 49. Re8+ Kd5 50. Re7 h5 51. Kd3 g5 52. g4 h4 53. f3 1-0


[Site "https://www.chess.com"]

[Event "Titled Tuesday Blitz March 21 Early 2023"]
[White "Parkhov, Yair"]
[Black "Van Foreest, Jorden"]
[WhiteFideId "2813408"]
[BlackFideId "1039784"]
[WhiteElo "2421"]
[BlackElo "2633"]
[Result "0-1"]
[Round "07"]
[TimeControl "180+2"]
[Date "2023.03.21"]
[WhiteClock "0:00:01"]
[BlackClock "0:01:49"]

1. d4 Nf6 2. c4 e6 3. Nf3 Bb4+ 4. Nbd2 d5 5. a3 Be7 6. e3 O-O 7. b3 b6 8. Bb2 Bb7 9. Bd3 c5 10. O-O cxd4 11. exd4 Nc6 12. Qe2 Re8 13. Rac1 Bf8 14. Rfe1 Rc8 15. h3 g6 16. c5 Bh6 17. b4 Nh5 18. g3 bxc5 19. dxc5 e5 20. b5 e4 21. bxc6 Bxc6 22. Ba6 Rb8 23. Be5 exf3 24. Qxf3 Bxd2 25. Bxb8 Bxc1 26. Rxe8+ Qxe8 27. Bd6 d4 28. Qd1 Qe4 29. f3 Qxf3 30. Qxf3 Bxf3 31. Bc8 Be3+ 32. Kh2 d3 33. g4 d2 0-1


[Site "https://www.chess.com"]

[Event "Titled Tuesday Blitz March 21 Early 2023"]
[White "Cherniaiev, Tykhon"]
[Black "Deac, Bogdan-Daniel"]
[WhiteFideId "14182360"]
[BlackFideId "1226380"]
[WhiteElo "2450"]
[BlackElo "2649"]
[Result "1/2-1/2"]
[Round "07"]
[TimeControl "180+2"]
[Date "2023.03.21"]
[WhiteClock "0:00:02"]
[BlackClock "0:00:03"]

1. Nf3 b6 2. g3 Bb7 3. Bg2 g6 4. O-O Bg7 5. d4 c5 6. c4 Nf6 7. Nc3 cxd4 8. Nxd4 Bxg2 9. Kxg2 Qc8 10. b3 O-O 11. Bb2 Qb7+ 12. Nf3 d6 13. Qd2 Nbd7 14. Rad1 a6 15. Nd5 Rfe8 16. Nxf6+ Nxf6 17. a4 b5 18. Qb4 Reb8 19. axb5 axb5 20. cxb5 Qxb5 21. Qxb5 Rxb5 22. Nd4 Rb6 23. Ra1 Rab8 24. Rfc1 Ne8 25. Ra7 Kf8 26. Rc2 Bxd4 27. Bxd4 Rxb3 28. Be3 f6 29. h4 h5 30. Ra4 Kf7 31. Bf4 Ng7 32. Ra7 R3b7 33. Rc7 Rxc7 34. Rxc7 Ke6 35. e4 Rb4 36. Kf3 Rb3+ 37. Kg2 Rb8 38. Ra7 Rd8 39. Kf3 Kf7 40. Kg2 Ne6 41. Be3 Rb8 42. Kf3 Rb3 43. Kg2 Rb4 44. Kf3 Rc4 45. Rb7 Rc7 46. Rb1 Nd8 47. Rb2 Nc6 48. Kg2 Ne5 49. Re2 Rc4 50. Bf4 Nd3 51. Bh6 Nc5 52. Kf3 Rc3+ 53. Kg2 Nd3 54. Re3 Rb3 55. Re2 Ne5 56. Bf4 Nd3 57. Bh6 Ke6 58. Re3 Nc5 59. Re2 Rb4 60. Kf3 Rb3+ 61. Kg2 Na4 62. Bf4 Nc5 63. Bh6 1/2-1/2


[Site "https://www.chess.com"]

[Event "Titled Tuesday Blitz March 21 Early 2023"]
[White "Dehtiarov, Roman"]
[Black "Navara, David"]
[WhiteFideId "14186640"]
[BlackFideId "309095"]
[WhiteElo "2162"]
[BlackElo "2675"]
[Result "1/2-1/2"]
[Round "07"]
[TimeControl "180+2"]
[Date "2023.03.21"]
[WhiteClock "0:00:05"]
[BlackClock "0:00:04"]

1. e4 c5 2. Nc3 d6 3. f4 g6 4. Nf3 Bg7 5. Bb5+ Bd7 6. Bxd7+ Qxd7 7. O-O Nc6 8. d3 Nf6 9. Qe1 O-O 10. Bd2 b5 11. h3 b4 12. Ne2 a5 13. Rb1 c4 14. Qh4 cxd3 15. cxd3 h6 16. Kh1 Rac8 17. f5 g5 18. Bxg5 hxg5 19. Nxg5 Ne5 20. Nf4 Rfd8 21. Nd5 Nxd5 22. Qh7+ Kf8 23. exd5 Qb5 24. Ne6+ Ke8 25. Qxg7 Qxd5 26. Nxd8 Kxd8 27. f6 exf6 28. Qxf6+ Kd7 29. d4 Rg8 30. Qf2 Nc4 31. Qxf7+ Qxf7 32. Rxf7+ Ke6 33. Rf2 Kd5 34. b3 Ne3 35. Re1 Kxd4 36. Rf4+ Kd3 37. Rf3 Re8 38. h4 d5 39. h5 d4 40. h6 Kd2 41. Rg1 Rh8 42. Rh3 Ng4 43. Rh4 Rxh6 44. Rxh6 Nxh6 45. g4 d3 46. g5 Nf5 47. Kg2 Ke2 48. Kh3 d2 49. Kg4 Ng7 50. g6 d1=Q 51. Rxd1 Kxd1 52. Kg5 Kc2 53. Kf6 Nh5+ 54. Kg5 Ng7 55. Kf6 Nh5+ 56. Kg5 Ng7 1/2-1/2


[Site "https://www.chess.com"]

[Event "Titled Tuesday Blitz March 21 Early 2023"]
[White "Hernandez Gonzalez, William"]
[Black "Tari, Aryan"]
[WhiteFideId "3509915"]
[BlackFideId "1510045"]
[WhiteElo "2374"]
[BlackElo "2583"]
[Result "0-1"]
[Round "07"]
[TimeControl "180+2"]
[Date "2023.03.21"]
[WhiteClock "0:00:01"]
[BlackClock "0:00:35"]

1. e4 c5 2. Nf3 d6 3. d4 cxd4 4. Nxd4 Nf6 5. Nc3 a6 6. Bg5 e6 7. f4 Qc7 8. Bxf6 gxf6 9. Be2 Nc6 10. Nb3 b5 11. Bh5 Qb6 12. Qd2 Bd7 13. O-O-O b4 14. Nd5 exd5 15. exd5 Ne7 16. Rhe1 Rg8 17. Re4 a5 18. Nd4 f5 19. Re2 Bg7 20. Rxe7+ Kxe7 21. Qe1+ Kd8 22. Nc6+ Kc7 23. Bxf7 Bf6 24. Bxg8 Rxg8 25. g3 Qc5 26. Qd2 Re8 27. Qd3 Qe3+ 28. Qxe3 Rxe3 29. Kd2 Re8 30. Nxa5 Bxb2 31. Rb1 Bc3+ 32. Kd1 Re1# 0-1


[Site "https://www.chess.com"]

[Event "Titled Tuesday Blitz March 21 Early 2023"]
[White "Praggnanandhaa R"]
[Black "Basso, Pier Luigi"]
[WhiteFideId "25059530"]
[BlackFideId "866970"]
[WhiteElo "2623"]
[BlackElo "2438"]
[Result "1-0"]
[Round "07"]
[TimeControl "180+2"]
[Date "2023.03.21"]
[WhiteClock "0:01:21"]
[BlackClock "0:00:20"]

1. g3 d5 2. Nf3 g6 3. h4 h5 4. Bg2 Bg7 5. O-O Nf6 6. d3 O-O 7. Nbd2 b6 8. e4 dxe4 9. dxe4 Bb7 10. Ng5 Ng4 11. c3 e5 12. Ndf3 Qe7 13. Nh2 Nxh2 14. Kxh2 Nd7 15. Be3 Nc5 16. Qc2 Rad8 17. Bh3 a5 18. b4 axb4 19. cxb4 Nd3 20. a3 Rd6 21. Rad1 Rfd8 22. Rd2 Ba6 23. Rfd1 Bf8 24. Qb3 c5 25. b5 c4 26. Qxc4 Nb2 27. Rxb2 Bxb5 28. Qxf7+ Qxf7 29. Nxf7 Rxd1 30. Nxd8 Bd3 31. Bg2 1-0


[Site "https://www.chess.com"]

[Event "Titled Tuesday Blitz March 21 Early 2023"]
[White "Grigoriants, Sergey"]
[Black "Mindlin, Alon"]
[WhiteFideId "4130804"]
[BlackFideId "2800071"]
[WhiteElo "2502"]
[BlackElo "2430"]
[Result "1-0"]
[Round "07"]
[TimeControl "180+2"]
[Date "2023.03.21"]
[WhiteClock "0:00:08"]
[BlackClock "0:00:51"]

1. d4 Nf6 2. c4 e6 3. g3 Bb4+ 4. Bd2 Qe7 5. Bg2 Nc6 6. e3 O-O 7. Ne2 Bxd2+ 8. Qxd2 d5 9. cxd5 exd5 10. Nbc3 Rd8 11. O-O Be6 12. Nf4 Nb8 13. Rae1 c6 14. e4 dxe4 15. Nxe4 Nbd7 16. Ng5 Nf8 17. Bh3 Rd6 18. Qb4 Re8 19. Ngxe6 Nxe6 20. Nxe6 Rxe6 21. Qxe7 R6xe7 22. Rxe7 Rxe7 23. Rc1 Nd5 24. Bg2 Rd7 25. Bxd5 Rxd5 26. Rc4 Kf8 27. f4 Ke7 28. Kf2 Kd6 29. Ke3 a5 30. b3 Rh5 31. h4 Rd5 32. g4 h5 33. g5 Ke6 34. Ke4 f5+ 35. Ke3 Kd6 36. a3 Rb5 37. b4 Kd5 38. Kd3 axb4 39. axb4 g6 40. Rc5+ Kd6 41. Kc4 Rb6 42. Re5 Ra6 43. Re8 b5+ 44. Kb3 Kd5 45. Rg8 Kxd4 46. Rxg6 Ke4 47. Rh6 Kxf4 48. Rxh5 Kg4 49. Rh7 f4 50. g6 c5 51. g7 c4+ 52. Kc3 Rg6 53. h5 Rg5 54. h6 f3 55. Rh8 f2 56. Rf8 Kg3 57. h7 Rxg7 58. h8=Q Rg4 59. Qe5+ Kg2 60. Qf5 Rg3+ 61. Kd4 Rd3+ 62. Kc5 1-0


[Site "https://www.chess.com"]

[Event "Titled Tuesday Blitz March 21 Early 2023"]
[White "Liyanage, Ranindu Dilshan"]
[Black "Moroni, Luca Jr"]
[WhiteFideId "9915834"]
[BlackFideId "865834"]
[WhiteElo "2199"]
[BlackElo "2569"]
[Result "0-1"]
[Round "07"]
[TimeControl "180+2"]
[Date "2023.03.21"]
[WhiteClock "0:00:04"]
[BlackClock "0:00:06"]

1. e4 g6 2. d4 Bg7 3. Nc3 a6 4. f4 d5 5. Nxd5 e6 6. Ne3 Qxd4 7. Bd3 Qb4+ 8. c3 Bxc3+ 9. bxc3 Qxc3+ 10. Kf2 Qxa1 11. Qc2 Qf6 12. Nf3 Qe7 13. Bb2 f6 14. Re1 Kf7 15. Bc4 Kg7 16. g4 h6 17. h4 Nc6 18. g5 hxg5 19. hxg5 e5 20. gxf6+ Nxf6 21. fxe5 Ng4+ 22. Nxg4 Bxg4 23. e6+ Kg8 24. Qc3 Rh3 25. Kg2 Rf8 26. Re3 Rh5 27. Nh2 Ne5 28. Rg3 Bxe6 29. Bxe6+ Qxe6 30. Ng4 Qf7 31. Qe1 Nxg4 32. Rxg4 Qf3+ 0-1


[Site "https://www.chess.com"]

[Event "Titled Tuesday Blitz March 21 Early 2023"]
[White "Durarbayli, Vasif"]
[Black "Preotu, Razvan"]
[WhiteFideId "13402935"]
[BlackFideId "2613280"]
[WhiteElo "2543"]
[BlackElo "2407"]
[Result "1-0"]
[Round "07"]
[TimeControl "180+2"]
[Date "2023.03.21"]
[WhiteClock "0:00:24"]
[BlackClock "0:00:03"]

1. e4 c5 2. Nf3 d6 3. d4 cxd4 4. Nxd4 Nf6 5. Nc3 a6 6. Be2 e5 7. Nb3 Be7 8. Be3 Be6 9. O-O O-O 10. Re1 Nbd7 11. a4 Qb8 12. Bf3 Rc8 13. Qd3 Bc4 14. Qd2 b5 15. axb5 axb5 16. Rxa8 Qxa8 17. Ra1 Qb8 18. Na5 Be6 19. Nd5 Bd8 20. b4 Nb6 21. Bxb6 Bxb6 22. Ne7+ Kh8 23. Nxc8 Bxc8 24. c4 Bd4 25. Rc1 bxc4 26. Nxc4 Be6 27. Na5 Bd7 28. Nc6 Bxc6 29. Rxc6 h6 30. g3 Kh7 31. Kg2 Ng8 32. Qa2 Ne7 33. Rc2 Kg8 34. Qc4 Qb6 35. Qc7 Kf8 36. Qd7 g6 37. Rc7 1-0


[Site "https://www.chess.com"]

[Event "Titled Tuesday Blitz March 21 Early 2023"]
[White "Ibarra Jerez, Jose Carlos"]
[Black "Bronstein, Or"]
[WhiteFideId "2226332"]
[BlackFideId "2815770"]
[WhiteElo "2638"]
[BlackElo "2356"]
[Result "1-0"]
[Round "07"]
[TimeControl "180+2"]
[Date "2023.03.21"]
[WhiteClock "0:01:37"]
[BlackClock "0:00:26"]

1. e4 c5 2. Nc3 a6 3. g4 b5 4. Bg2 Bb7 5. d3 e6 6. Nh3 d5 7. exd5 Nf6 8. Nf4 b4 9. g5 bxc3 10. gxf6 Qxf6 11. Rb1 Bd6 12. bxc3 Bxf4 13. Bxf4 Qxf4 14. Rxb7 O-O 15. dxe6 Qe5+ 16. Qe2 Qxc3+ 17. Kf1 fxe6 18. Re7 Qa1+ 19. Qe1 Qf6 20. Rxe6 1-0


[Site "https://www.chess.com"]